 Dungeon Crawl Stone Soup version 0.20-a0-971-g5896763 (webtiles) character file.

295544 nikopol the Marksgargoyle (level 20, -19/195 HPs)
             Began as a Gargoyle Berserker on Apr 6, 2017.
             Was the Champion of Trog.
             Demolished by an enormous slime creature (72 damage)
             ... on level 3 of the Vaults on Apr 8, 2017.
             The game lasted 03:14:39 (52427 turns).

nikopol the Marksgargoyle (Gargoyle Berserker)     Turns: 52427, Time: 03:14:40

Health: -19/195    AC: 42    Str: 32    XL:     20   Next: 88%
Magic:  20/20      EV: 19    Int: 11    God:    Trog [******]
Gold:   1535       SH:  0    Dex: 19    Spells: 19/19 levels left

rFire    + . .     SeeInvis +   a - +8 mithril axe "Arga" {speed, MR+}
rCold    . . .     Gourm    .   (no shield)
rNeg     + . .     Faith    .   U - +2 chain mail {rF+}
rPois    ∞         Spirit   .   G - +1 hat "Acum" {Regen+ Dex+2}
rElec    +         Reflect  .   Q - +2 cloak
rCorr    .         Harm     .   q - +4 pair of gloves of the Moon {Dex+3 SInv}
MR       ++...                  H - +0 pair of boots
Stlth    ..........             (no amulet)
Regen    0.9/turn               (no ring)
MPRegen  0.2/turn               E - +5 ring of strength

@: berserking, very quick
A: big wings, negative energy resistance 1, electricity resistance, unbreathing,
petrification resistance, rot immunity, AC +15
}: 2/15 runes: barnacled, gossamer
a: Fly, Berserk, Trog's Hand, Brothers in Arms, Burn Spellbooks, Renounce
Religion


You were on level 3 of the Vaults.
You worshipped Trog.
Trog was exalted by your worship.
You were very hungry.

You visited 6 branches of the dungeon, and saw 34 of its levels.
You also visited: Sewer and Ossuary.

You collected 3835 gold pieces.
You spent 2300 gold pieces at shops.

Inventory:

Hand Weapons
 a - the +8 mithril axe "Arga" (weapon) {speed, MR+}
   (You bought it in a shop on level 2 of the Orcish Mines)

   Attacks with this weapon are significantly faster.
   It affects your resistance to hostile enchantments.
 u - a +2 antimagic executioner's axe
 y - a +2 battleaxe of freezing
 z - a +8 shortbow of freezing
 W - a +2 battleaxe of venom
 Z - a +6 longbow of flaming
Missiles
 i - 856 arrows (quivered)
Armour
 e - a +2 buckler
 p - a +1 pair of gloves of archery
 q - the +4 pair of gloves of the Moon (worn) {Dex+3 SInv}
   (You bought it in a shop on level 2 of the Orcish Mines)

   It affects your dexterity (+3).
   It lets you see invisible.
 w - a +2 chain mail of cold resistance
 G - the +1 hat "Acum" (worn) {Regen+ Dex+2}
   (You acquired it on level 3 of the Shoals)

   It affects your dexterity (+2).
   It increases your rate of regeneration.
 H - a +0 pair of boots (worn)
 Q - a +2 cloak (worn)
 U - a +2 chain mail of fire resistance (worn)
Jewellery
 s - the ring of Fudexu {-Tele +Fly rF+ rN+++ MP+9}
   (You took it off an orc knight on level 1 of the Vaults)

   [ring of magical power]

   It protects you from fire.
   It renders you almost immune to negative energy.
   It affects your magic capacity (+9).
   It lets you fly.
   It prevents most forms of teleportation.
 x - an uncursed ring of protection from magic
 E - a +5 ring of strength (right hand)
 M - an uncursed ring of positive energy
 O - an uncursed ring of resist corrosion
 Y - an uncursed amulet of faith {unknown}
Wands
 v - a wand of polymorph (14/24)
 R - a wand of confusion (30/48)
 T - a wand of disintegration (11/24)
 X - a wand of paralysis (14/24)
Scrolls
 b - 4 scrolls of magic mapping
 f - 21 scrolls of teleportation
 g - 7 scrolls of recharging
 k - 4 scrolls of remove curse
 l - 2 scrolls of fog
 m - 7 scrolls of fear
 r - 10 scrolls of enchant armour
 C - 3 scrolls of blinking
 D - 11 scrolls of identify
 S - 5 scrolls of enchant weapon
Potions
 h - 3 potions of invisibility
 n - 3 potions of agility
 o - 19 potions of curing
 t - 5 potions of brilliance
 A - 3 potions of berserk rage
 B - a potion of cancellation
 I - 7 potions of heal wounds
 J - 8 potions of haste
 K - 4 potions of might
 L - 6 potions of magic
 P - 5 potions of ambrosia
 V - 2 potions of resistance
Comestibles
 c - 16 bread rations
 d - 18 royal jellies
 j - 5 chunks of flesh
 F - 11 fruits
 N - 18 meat rations


   Skills:
 + Level 15.5 Fighting
 * Level 16.9 Axes
 * Level 17.4 Bows
 + Level 15.5 Armour
 + Level 12.7 Dodging
 + Level 10.7 Shields


You had 19 spell levels left.
You didn't know any spells.

Dungeon Overview and Level Annotations

Branches:
Dungeon (15/15)            Temple (0/1) D:7            Lair (6/6) D:10
 Shoals (4/4) Lair:3       Spider (4/4) Lair:3        Slime (0/5) Lair:5
    Orc (2/2) D:12            Elf (0/3) Orc:2        Vaults (3/5) D:13
  Crypt (0/3) Vaults:2     Depths (0/5) D:15

Altars:
Ashenzari
Cheibriados
Dithmenos
Elyvilon
Fedhas
Kikubaaqudgha
Makhleb
Okawaru
Sif Muna
Vehumet
Wu Jian
Zin
Beogh
Jiyva

Shops:
D:6 *   D:7 (   Orc:2 [((*(:


Innate Abilities, Weirdness & Mutations

You are resistant to torment.
Your stone body is resilient. (AC +15)
You are immune to poison.
Your large and strong wings let you fly indefinitely.
You resist negative energy. (rN+)
You are resistant to electric shocks. (rElec)
You can survive without breathing.
You are immune to petrification.
You are immune to rotting.


Message History

The enormous slime creature completely misses you.
You slice the slime creature!!
You kill the slime creature!
Trog accepts your kill.
You hit the enormous slime creature. The enormous slime creature hits you!!!
* * * LOW HITPOINT WARNING * * *
Things that are here:
an uncursed arbalest; 16 bolts You slice the enormous slime creature!!
The enormous slime creature is severely wounded.
You are feeling very hungry.
You slice the enormous slime creature!!
The enormous slime creature is severely wounded.
You slash the vault warden! You slash the enormous slime creature!
The enormous slime creature is severely wounded.
You slice the vault warden!!
The enormous slime creature hits you!!!!
You die...

#.....# #.....#
#.....# #.....#
#.....# #.....#
#.....# #(J...#
#(@)..#
......(.p...#
............#
............#
...(........#
...(........'.
##+##########..
#. ..


You could see a vault warden and an enormous slime creature.

Vanquished Creatures
  Nikola (Spider:3)
  Jorgrun (Shoals:4)
  A lich (Vaults:3)
  Polyphemus (Shoals:4)
  A shadow dragon (Vaults:2)
  Ilsuiw (Shoals:3)
  2 ghost moths (Spider:4)
  2 fire giants
  6 emperor scorpions
  An orc warlord (Orc:2)
  Aizul (Shoals:4)
  5 vault wardens
  12 ironheart preservers
  6 very ugly things
  5 entropy weavers
  A stone giant (Vaults:2)
  A dire elephant (D:15)
  A spark wasp (Spider:4)
  7 merfolk javelineers
  4 merfolk impalers
  An ettin (D:13)
  2 yaktaur captains (Vaults:3)
  A great orb of eyes (Vaults:1)
  3 fire dragons
  A rakshasa (Vaults:2)
  6 vault guards (Vaults:2)
  The ghost of nht the Slicer, a journeyman BuEn of Nemelex Xobeh (D:11)
  5 hydras
  3 ice dragons (Vaults:3)
  16 centaur warriors
  6 ogre magi
  2 catoblepae
  Erica (D:8)
  4 merfolk avatars
  20 two-headed ogres
  5 merfolk aquamancers
  A deep troll shaman (Vaults:3)
  2 satyrs (Shoals:3)
  An orc high priest (Orc:2)
  The ghost of anet the Thaumaturge, a journeyman DEWz of Ashenzari (Orc:2)
  3 deep troll earth magi
  9 death yaks
  Nergalle (Lair:2)
  A deep elf knight (Vaults:1)
  10 skeletal warriors
  A shadow wraith (Vaults:3)
  5 unseen horrors
  A flayed ghost (Vaults:1)
  8 sea snakes
  An unseen horror (shapeshifter) (D:13)
  3 wizards
  10 deep trolls
  2 glowing orange brains (Vaults:2)
  18 harpies
  Pikel (D:4)
  A deep elf archer (Vaults:3)
  A phantasmal warrior (D:13)
  17 orc knights
  18 ugly things
  7 deep elf magi
  8 ironbrand convokers
  16 orb spiders
  3 orc sorcerers (Orc:2)
  29 wolf spiders
  12 fauns
  2 oklob plants
  12 manticores
  A moth of wrath (Spider:4)
  9 cyclopes
  A black mamba (shapeshifter) (Vaults:1)
  16 elephants
  Joseph (D:9)
  6 vault sentinels
  5 black mambas
  18 merfolk sirens
  A gargoyle (D:15)
  3 centaur skeletons
  3 torpor snails
  An ice statue (D:14)
  13 spiny frogs
  4 water nymphs
  A kobold demonologist (D:12)
  9 demonic crawlers
  6 komodo dragons
  A redback zombie (D:15)
  3 rime drakes
  2 freezing wraiths
  16 yaktaurs
  25 merfolk
  An ice devil (D:14)
  8 polar bears
  7 trolls
  37 jumping spiders
  A jumping spider (shapeshifter) (D:13)
  A wind drake (shapeshifter) (Vaults:2)
  8 wind drakes
  16 hornets
  8 blink frogs
  15 hippogriffs
  23 slime creatures
  18 dream sheep
  13 snapping turtles
  28 tarantellas
  A redback (shapeshifter) (D:13)
  7 water elementals
  84 redbacks
  15 spriggans (Lair:6)
  5 wyverns
  4 basilisks
  21 yaks
  3 humans (D:8)
  4 hogs (D:8)
  4 hungry ghosts
  A steam dragon (D:13)
  2 vampire mosquitoes (D:15)
  Menkaure (Ossuary)
  5 wargs
  A soldier ant (shapeshifter) (Vaults:2)
  A soldier ant (D:10)
  9 water moccasins
  An acid dragon (D:13)
  7 porcupines
  Duvessa (D:6)
  13 ice beasts
  52 orc warriors
  A swamp drake (D:12)
  5 black bears
  2 sky beasts
  4 slaves (D:4)
  3 necrophages
  A phantom (D:4)
  21 wolves
  11 boggarts
  37 ogres
  14 crocodiles
  27 centaurs
  The ghost of DEFE the Distorting Elf, an amateur DEAK of Lugonu (D:4)
  Blork the orc (D:6)
  18 bullfrogs
  7 big kobolds
  An elf zombie (Ossuary)
  A wyvern zombie (D:7)
  4 scorpions
  A water moccasin skeleton (D:11)
  Dowan (D:6)
  An orc simulacrum (Vaults:1)
  5 killer bees (D:7)
  17 wights
  5 howler monkeys
  3 electric eels (Spider:1)
  14 crimson imps
  5 centaur zombies
  2 bullfrog zombies
  3 human simulacra
  4 jellies
  4 hounds
  Crazy Yiuf (D:2)
  25 orc priests
  4 bullfrog skeletons
  4 iguanas
  10 worker ants
  23 orc wizards
  15 hell rats
  2 ogre zombies (Ossuary)
  A hound skeleton (D:6)
  7 mummies
  Robin (D:4)
  18 river rats
  18 adders
  4 gnolls (D:5)
  A howler monkey skeleton (D:8)
  8 shadow imps
  4 white imps (D:14)
  6 oozes
  6 adder zombies
  An adder skeleton (D:5)
  6 worms
  2 dart slugs
  6 leopard geckos
  135 orcs
  6 giant cockroaches
  10 goblins
  17 hobgoblins
  11 jackals
  12 kobolds
  9 quokkas
  4 ball pythons
  11 bats
  3 frilled lizards
  A gnoll zombie (Ossuary)
  5 goblin zombies (Ossuary)
  5 hobgoblin zombies (Ossuary)
  3 kobold zombies (Ossuary)
  A leopard gecko skeleton (D:7)
  2 orc zombies (Ossuary)
  3 quokka zombies
  21 rats
  5 rat zombies
  6 fungi
  12 plants
1592 creatures vanquished.

Vanquished Creatures (collateral kills)
  Donald (Spider:3)
  A merfolk javelineer (Shoals:4)
  A merfolk avatar (Shoals:4)
  A skeletal warrior (D:12)
  A sea snake (Shoals:4)
  A cyclops (Shoals:4)
  A water nymph (Shoals:4)
  3 merfolk (Shoals:4)
  A snapping turtle (Shoals:4)
11 creatures vanquished.

Vanquished Creatures (others)
  A hornet (Spider:1)
  An orc warrior (D:15)
  An orc wizard (Vaults:1)
  A quokka (D:14)
  19 fungi
  15 plants
38 creatures vanquished.

Grand Total: 1641 creatures vanquished

Notes
Turn   | Place    | Note
-------+----------+-------------------------------------------
     0 | D:1      | nikopol the Gargoyle Berserker began the quest for the Orb.
     0 | D:1      | Reached XP level 1. HP: 14/14 MP: 1/1
   401 | D:1      | Reached XP level 2. HP: 17/19 MP: 2/2
   888 | D:2      | Reached XP level 3. HP: 23/23 MP: 3/3
  1187 | D:2      | Reached ** piety under Trog
  1595 | D:2      | Found a runed door.
  1599 | D:2      | Noticed Crazy Yiuf
  1607 | D:2      | Killed Crazy Yiuf
  1607 | D:2      | Reached XP level 4. HP: 29/29 MP: 4/4
  1871 | D:3      | Found a burning altar of Makhleb.
  1873 | D:3      | Noticed an Executioner
  1875 | D:3      | Found a glowing silver altar of Zin.
  1876 | D:3      | Noticed an angel
  2050 | D:3      | Reached XP level 5. HP: 34/34 MP: 5/5
  2169 | D:3      | Found a radiant altar of Vehumet.
  2371 | D:4      | Noticed DEFE's ghost (amateur DEAK)
  2394 | D:4      | Killed DEFE's ghost
  2394 | D:4      | Reached XP level 6. HP: 25/40 MP: 6/6
  2450 | D:4      | Found a sand-covered staircase.
  2457 | Ossuary  | Entered an ossuary
  2626 | Ossuary  | Reached *** piety under Trog
  3027 | Ossuary  | Reached skill level 5 in Fighting
  3228 | Ossuary  | Reached XP level 7. HP: 41/44 MP: 7/7
  3641 | Ossuary  | Noticed Menkaure
  3657 | Ossuary  | Killed Menkaure
  3768 | D:4      | Reached skill level 5 in Armour
  4090 | D:4      | Noticed Pikel
  4107 | D:4      | Killed Pikel
  4107 | D:4      | Reached skill level 5 in Axes
  4107 | D:4      | Reached XP level 8. HP: 40/52 MP: 8/8
  4737 | D:4      | Noticed Robin
  4742 | D:4      | Reached **** piety under Trog
  4751 | D:4      | Killed Robin
  4808 | D:5      | Entered Level 5 of the Dungeon
  5059 | D:5      | Reached XP level 9. HP: 56/57 MP: 9/9
  5165 | D:5      | Reached skill level 1 in Bows
  5231 | D:5      | Found a glowing drain.
  5235 | Sewer    | Entered a sewer
  5358 | Sewer    | Reached skill level 2 in Bows
  5752 | Sewer    | Reached ***** piety under Trog
  6141 | D:5      | Reached skill level 5 in Dodging
  6174 | D:5      | Reached skill level 3 in Bows
  6174 | D:5      | Received a gift from Trog
  6461 | D:5      | Found an ornate altar of the Wu Jian Council.
  6756 | D:6      | Found a white marble altar of Elyvilon.
  6782 | D:6      | Received a gift from Trog
  6791 | D:6      | Noticed Blork the orc
  6798 | D:6      | Killed Blork the orc
  6831 | D:6      | Reached skill level 4 in Bows
  7250 | D:6      | Found Itauxyowou's General Store.
  7320 | D:6      | Noticed Duvessa
  7320 | D:6      | Noticed Dowan
  7328 | D:6      | Killed Dowan
  7339 | D:6      | Killed Duvessa
  7777 | D:7      | Found a shadowy altar of Dithmenos.
  7787 | D:7      | Received a gift from Trog
  7947 | D:7      | Reached XP level 10. HP: 64/64 MP: 10/10
  8015 | D:7      | Found Lapha's Weapon Emporium.
  8044 | D:7      | Found an iron altar of Okawaru.
  8053 | D:7      | Bought a +1 shortbow of velocity for 126 gold pieces
  8053 | D:7      | Bought a +1 war axe of chopping for 134 gold pieces
  8131 | D:7      | Found a shattered altar of Ashenzari.
  8271 | D:7      | Found a staircase to the Ecumenical Temple.
  8460 | D:7      | Reached skill level 5 in Bows
  8680 | D:8      | Found an iron altar of Okawaru.
  8685 | D:8      | Found an ancient bone altar of Kikubaaqudgha.
  8797 | D:8      | Noticed Erica
  8802 | D:8      | Received a gift from Trog
  8811 | D:8      | Killed Erica
  9146 | D:8      | Reached skill level 6 in Bows
  9586 | D:8      | Found a snail-covered altar of Cheibriados.
 10241 | D:8      | Reached XP level 11. HP: 57/69 MP: 11/11
 10272 | D:8      | Noticed a two-headed ogre
 10281 | D:8      | Killed a two-headed ogre
 10570 | D:8      | Received a gift from Trog
 10570 | D:8      | Reached skill level 7 in Bows
 11095 | D:9      | Noticed Joseph
 11109 | D:9      | Killed Joseph
 11207 | D:9      | Received a gift from Trog
 11538 | D:10     | Entered Level 10 of the Dungeon
 11719 | D:10     | Noticed an oklob plant
 12056 | D:10     | Found an iron altar of Okawaru.
 12298 | D:10     | Found a staircase to the Lair.
 12335 | D:10     | Killed an oklob plant
 12612 | Lair:1   | Entered Level 1 of the Lair of Beasts
 12680 | Lair:1   | Noticed a four-headed hydra
 12689 | Lair:1   | Killed a four-headed hydra
 12689 | Lair:1   | Reached skill level 8 in Bows
 12785 | Lair:1   | Noticed a five-headed hydra
 12796 | Lair:1   | Killed a five-headed hydra
 13538 | Lair:1   | Reached XP level 12. HP: 75/76 MP: 12/12
 13634 | Lair:1   | Noticed a centaur warrior
 13650 | Lair:1   | HP: 2/114 [centaur warrior/arrow (10)]
 13653 | Lair:1   | Killed a centaur warrior
 13658 | Lair:1   | HP: 1/115 [basilisk (2)]
 14168 | Lair:1   | Received a gift from Trog
 14434 | Lair:2   | Upgraded the game from 0.20-a0-959-gdc9e609 to 0.20-a0-967-g62cfa5d
 15271 | Lair:2   | Noticed Nergalle
 15288 | Lair:2   | Killed Nergalle
 15288 | Lair:2   | Reached skill level 10 in Axes
 15288 | Lair:2   | Reached skill level 9 in Bows
 15790 | Lair:3   | Reached skill level 10 in Fighting
 15942 | Lair:3   | Noticed a death yak
 15943 | Lair:3   | Noticed a death yak
 15943 | Lair:3   | Noticed a death yak
 15943 | Lair:3   | Noticed a death yak
 15943 | Lair:3   | Noticed a death yak
 15998 | Lair:3   | Killed a death yak
 16382 | Lair:2   | Reached skill level 10 in Armour
 16660 | Lair:3   | Noticed a death yak
 16922 | Lair:3   | Killed a death yak
 16968 | Lair:3   | Killed a death yak
 16992 | Lair:2   | Killed a death yak
 16992 | Lair:2   | Reached XP level 13. HP: 59/83 MP: 13/13
 17102 | Lair:3   | Reached skill level 10 in Bows
 17506 | Lair:3   | Found a hole to the Spider Nest.
 17622 | Lair:3   | Found a staircase to the Shoals.
 18940 | Lair:5   | Found a staircase to the Slime Pits.
 18942 | Lair:5   | Found a viscous altar of Jiyva.
 19381 | Lair:6   | Entered Level 6 of the Lair of Beasts
 20066 | Lair:4   | Received a gift from Trog
 20822 | Lair:6   | Reached skill level 11 in Bows
 21882 | Lair:6   | Gained mutation: Your large and strong wings let you fly indefinitely. [Gargoyle growth]
 21882 | Lair:6   | Reached XP level 14. HP: 75/90 MP: 14/14
 22261 | Lair:6   | Upgraded the game from 0.20-a0-967-g62cfa5d to 0.20-a0-971-g5896763
 22737 | Lair:6   | Reached ****** piety under Trog
 23783 | Lair:6   | Received a gift from Trog
 24605 | Lair:6   | Reached skill level 12 in Bows
 25575 | D:11     | Noticed nht's ghost (journeyman BuEn)
 25602 | D:11     | Killed nht's ghost
 26531 | D:12     | Received a gift from Trog
 27399 | D:12     | Found a staircase to the Orcish Mines.
 27675 | Orc:1    | Entered Level 1 of the Orcish Mines
 28438 | Orc:2    | Entered Level 2 of the Orcish Mines
 28509 | Orc:2    | Reached XP level 15. HP: 96/96 MP: 15/15
 28510 | Orc:2    | Found Xilues's Antique Armour Boutique.
 28593 | Orc:2    | Received a gift from Trog
 28733 | Orc:1    | Found a roughly hewn altar of Beogh.
 28956 | Orc:2    | Bought a pair of dazzling gloves for 218 gold pieces
 28967 | Orc:2    | Identified the +4 pair of gloves of the Moon {Dex+3 SInv} (You bought it in a shop on level 2 of the Orcish Mines)
 29179 | Orc:2    | Received a gift from Trog
 29275 | Orc:2    | Found Dampakeps's General Store.
 29294 | Orc:2    | Found Uniss's Antique Weapon Shoppe.
 29575 | Orc:2    | Found Gywoer's Book Emporium.
 29798 | Orc:2    | Found a staircase to the Elven Halls.
 30039 | Orc:2    | Reached skill level 13 in Bows
 30266 | Orc:2    | Noticed an orc warlord
 30310 | Orc:2    | Killed an orc warlord
 30404 | Orc:2    | Noticed anet's ghost (journeyman DEWz)
 30412 | Orc:2    | Killed anet's ghost
 30534 | Orc:2    | Found Upiavaj's Antique Weapon Boutique.
 30643 | Orc:2    | Found Roset's Weapon Boutique.
 30973 | Orc:2    | Bought the +8 mithril axe "Arga" {speed, MR+} for 1744 gold pieces
 30997 | Orc:2    | Bought a scroll of teleportation for 39 gold pieces
 30997 | Orc:2    | Bought a scroll of teleportation for 39 gold pieces
 31020 | Orc:1    | Received a gift from Trog
 31886 | D:13     | Found a gate to the Vaults.
 32190 | D:14     | Found a blossoming altar of Fedhas.
 32428 | D:14     | Found a white marble altar of Elyvilon.
 33029 | D:15     | Entered Level 15 of the Dungeon
 33047 | D:15     | Received a gift from Trog
 33327 | D:15     | Reached XP level 16. HP: 62/103 MP: 16/16
 33855 | D:15     | Found a deep blue altar of Sif Muna.
 34120 | D:15     | Found a staircase to the Depths.
 34210 | D:15     | Reached skill level 10 in Dodging
 34540 | Spider:1 | Entered Level 1 of the Spider Nest
 34544 | Spider:1 | Received a gift from Trog
 35064 | Spider:1 | Reached skill level 14 in Bows
 36026 | Spider:2 | Received a gift from Trog
 36223 | Spider:2 | Identified a scroll of acquirement
 37189 | Spider:3 | Received a gift from Trog
 37439 | Spider:3 | Noticed Donald
 37466 | Spider:3 | Killed Donald
 37777 | Spider:3 | Noticed Nikola
 37797 | Spider:3 | Killed Nikola
 37944 | Spider:3 | Reached XP level 17. HP: 109/109 MP: 17/17
 38511 | Spider:4 | Entered Level 4 of the Spider Nest
 39038 | Spider:4 | Received a gift from Trog
 39061 | Spider:4 | Reached skill level 15 in Bows
 39531 | Spider:4 | Reached skill level 1 in Shields
 40553 | Spider:4 | Got a gossamer rune of Zot
 40996 | Shoals:1 | Entered Level 1 of the Shoals
 41376 | Shoals:1 | Received a gift from Trog
 41579 | Shoals:1 | Reached skill level 5 in Shields
 42411 | Shoals:2 | Received a gift from Trog
 42514 | Shoals:2 | Reached XP level 18. HP: 104/116 MP: 18/18
 42566 | Shoals:2 | Found a blossoming altar of Fedhas.
 43024 | Shoals:3 | Noticed Ilsuiw
 43051 | Shoals:3 | Killed Ilsuiw
 43467 | Shoals:3 | Reached skill level 15 in Axes
 44149 | Shoals:3 | Received a gift from Trog
 44304 | Shoals:3 | Got a dazzling hat
 44315 | Shoals:3 | Identified the +1 hat "Acum" {Regen+ Dex+2} (You acquired it on level 3 of the Shoals)
 44317 | Shoals:3 | Got a scorched chain mail
 44328 | Shoals:3 | Identified the +2 chain mail "Ecytasm" {+Fly} (You found it on level 3 of the Shoals)
 44409 | Shoals:4 | Entered Level 4 of the Shoals
 44429 | Shoals:4 | Noticed Polyphemus
 44480 | Shoals:4 | Noticed Aizul
 44501 | Shoals:4 | Killed Aizul
 44612 | Shoals:4 | Noticed Jorgrun
 44649 | Shoals:4 | Killed Jorgrun
 44649 | Shoals:4 | Received a gift from Trog
 44724 | Shoals:4 | Got a slimy war axe {god gift}
 44725 | Shoals:4 | Identified the +5 war axe of Blood {venom, rElec rN+} (Trog gifted it to you on level 4 of the Shoals)
 45384 | Shoals:4 | Received a gift from Trog
 45885 | Shoals:4 | Got a barnacled rune of Zot
 46293 | Shoals:4 | Killed Polyphemus
 46566 | Vaults:1 | Entered Level 1 of the Vaults
 46620 | Vaults:1 | Paralysed by a great orb of eyes for 3 turns
 46668 | Vaults:1 | Reached XP level 19. HP: 122/122 MP: 19/19
 46698 | Vaults:1 | Reached skill level 16 in Bows
 46838 | Vaults:1 | Received a gift from Trog
 46856 | Vaults:1 | Received a gift from Trog
 47247 | Vaults:1 | Received a gift from Trog
 47400 | Vaults:1 | Received a gift from Trog
 47804 | Vaults:1 | Received a gift from Trog
 48419 | Vaults:1 | Got a crude turquoise ring
 48455 | Vaults:1 | Identified the ring of Fudexu {-Tele +Fly rF+ rN+++ MP+9} (You took it off an orc knight on level 1 of the Vaults)
 49210 | Vaults:2 | Reached skill level 15 in Fighting
 49319 | Vaults:2 | Reached skill level 15 in Armour
 49323 | Vaults:2 | Received a gift from Trog
 49426 | Vaults:2 | Received a gift from Trog
 49567 | Vaults:2 | Reached XP level 20. HP: 113/129 MP: 20/20
 49753 | Vaults:2 | Found a staircase to the Crypt.
 50006 | Vaults:2 | Reached skill level 10 in Shields
 50183 | Vaults:2 | Paralysed by a wizard for 6 turns
 50225 | Vaults:2 | Received a gift from Trog
 50247 | Vaults:2 | Got a crude scarf
 50258 | Vaults:2 | Identified the scarf "Hexkiman" {rCorr} (You acquired it on level 2 of the Vaults)
 50653 | Vaults:2 | Reached skill level 17 in Bows
 51731 | Vaults:3 | Received a gift from Trog
 52427 | Vaults:3 | Demolished by an enormous slime creature

Vault maps used:
D:1:      dpeg_chamrin_arrival_tetris, amethyst_killhole, st_stairs_3
D:2:      kennysheep_big_flooded_room, uniq_crazy_yiuf_cottage
D:3:      grunt_temple_overflow_order_and_chaos_2, marbit_many_paths
D:4:      enter_ossuary_4, first_bread, uniq_pikel, uniq_robin
D:5:      kennysheep_mini_moat, gup_sewer_entry_spiral
D:6:      lemuel_crystal_altar, serial_shops, shop, uniq_blork_the_orc,
          uniq_menkaure, uniq_duvessa
D:7:      nicolae_ashenzari_panopticon, nicolae_dithmenos_the_darkroom,
          nicolae_overflow_hidden_temple, minmay_temple_entry_glassed_door,
          serial_shops, shop
D:8:      kiku_gazebo_pond_becter, slow_altar_2, grunt_livestock,
          okawaru_humans, uniq_erica
D:9:      serial_bayou_pond_c, uniq_joseph
D:10:     dpeg_oklobed_lair, basic_altar
D:12:     erik_orc_1
D:13:     david_vaults_4
D:14:     basic_altar, elyvilon_altar_4, minivault_22, ice2_lemuel
D:15:     hangedman_depths_entry_try_elsewhere_first, minivault_23, basic_altar
Lair:1:   lemuel_ratsnest
Lair:2:   uniq_nergalle
Lair:3:   minmay_shoals_entry_hut, spider_nest_entry_funnel_web,
          grunt_megastairs_1
Lair:4:   lemuel_fruit_fields
Lair:5:   slime_altar_1
Lair:6:   minmay_lair_end_enchanted_forest, st_stairs_12
Shoals:1: nicolae_shoals_so_close
Shoals:2: lemuel_oklob_altar
Shoals:3: uniq_ilsuiw
Shoals:4: shoals_end_simple, shoals_ilsuiw_ice, uniq_polyphemus, uniq_aizul,
          uniq_jorgrun
Spider:2: nicolae_spider_mines_3
Spider:3: lemuel_spider_zombies, uniq_nikola, uniq_donald
Spider:4: grunt_spider_rune_parallel
Orc:1:    cheibrodos_orc_bank, mines2_david
Orc:2:    grunt_orc_gardens, grunt_orc_garden, grunt_orc_garden,
          grunt_orc_garden, grunt_orc_garden, serial_shops, shop, shop
Vaults:1: nicolae_vaults_alarming, v_rooms_1, nicolae_vaults_circle_grid_b,
          vaults_room_pools, vaults_standard_mumra_x, st_cross
Vaults:2: minmay_crypt_entry_nasty_monster, vaults_standard_mumra_lines,
          v_misc_5, nicolae_vaults_little_ls, nicolae_vaults_little_squares_3,
          v_misc_24, nicolae_vaults_theta, v_misc_28, vaults_room_fours
Vaults:3: ontoclasm_vaults_idyll, vaults_dpeg_hooks, vaults_room_ringed_pool,
          v_misc_16, v_rooms_4, ontoclasm_vaults_twist,
          ontoclasm_vaults_ring_small, hangedman_vaults_cutoff,
          nicolae_vaults_lopsided_apartments, grunt_vaults_hallway_short,
          nicolae_vaults_network_periphery, vaults_room_stairs_pillars
Sewer:    sewer_co_tree
Ossuary:  ossuary_boxes_badplayer

Skill      XL: |  1  2  3  4  5  6  7  8  9 10 11 12 13 14 15 16 17 18 19 20 |
---------------+-------------------------------------------------------------+-----
Dodging        | 2 3 4 5 6 7 8 9 10 11 12 | 12.7
Armour         | 3 4 5 6 7 8 9 10 11 12 13 14 15 | 15.5
Fighting       | 4 5 6 7 8 9 10 11 12 13 14 15 | 15.5
Axes           | 3 4 5 6 8 9 10 11 12 13 14 15 16 | 16.9
Bows           | 4 6 8 9 11 12 13 14 15 16 17 | 17.4
Shields        | 5 8 9 10 | 10.7

Action                   |  1- 3 |  4- 6 |  7- 9 | 10-12 | 13-15 | 16-18 | 19-21 || total
-------------------------+-------+-------+-------+-------+-------+-------+-------++-------
Melee: Hand axe          |   112 |   235 |   463 |     2 |       |       |       ||   812
       War axe           |       |       |       |   556 |   886 |       |       ||  1442
       Flail             |       |       |       |     5 |    26 |       |       ||    31
       Broad axe         |       |       |       |       |    63 |   904 |   859 ||  1826
 Fire: Shortbow          |       |       |   189 |   348 |  1080 |  1394 |   482 ||  3493
Invok: Berserk           |     1 |     2 |     4 |     6 |    17 |     3 |     5 ||    38
       Burn Spellbooks   |       |       |     2 |     2 |     5 |     3 |     1 ||    13
       Brothers in Arms  |       |       |       |       |     1 |     3 |       ||     4
 Abil: Fly               |       |       |       |       |     1 |     1 |       ||     2
       Stop Flying       |       |       |       |       |       |     1 |     1 ||     2
  Use: Scroll            |       |     4 |       |    21 |    11 |     9 |     4 ||    49
       Potion            |       |       |       |       |       |     1 |       ||     1
  Eat: Chunk             |     2 |     6 |    16 |    26 |    62 |    36 |    23 ||   171
       Royal jelly       |       |     1 |       |     3 |     1 |     2 |       ||     7
       Bread ration      |       |       |     1 |       |       |       |       ||     1
       Fruit             |       |       |       |     4 |     5 |     3 |       ||    12
Armor: Animal skin       |     2 |       |       |       |       |       |       ||     2
       Leather armour    |    37 |     5 |       |       |       |       |       ||    42
       Ring mail         |       |     6 |       |       |       |       |       ||     6
       Scale mail        |       |    64 |   205 |   316 |   557 |       |       ||  1142
       Chain mail        |       |       |       |       |   112 |   908 |   398 ||  1418
Dodge: Dodged            |   104 |   134 |   293 |   377 |   847 |   847 |   466 ||  3068
Block: Buckler           |       |       |       |       |       |    65 |    15 ||    80
